 Dungeon Crawl Stone Soup version 0.22.0-38-g04b72b8 (webtiles) character file.

296224 WSLaFleur the Messiah (level 20, -26/193 HPs)
             Began as a Hill Orc Monk on Aug 30, 2018.
             Was the Champion of Beogh.
             Killed from afar by a quicksilver dragon (33 damage)
             ... with a bolt of dispelling energy
             ... on level 2 of the Depths on Aug 31, 2018.
             The game lasted 07:05:47 (60186 turns).

WSLaFleur the Messiah (Hill Orc Monk)              Turns: 60186, Time: 07:05:48

Health: -26/193    AC: 37    Str: 25    XL:     20   Next: 90%
Magic:  33/36      EV: 13    Int:  1    God:    Beogh [******]
Gold:   1364       SH: 14    Dex: 18    Spells: 19/19 levels left

rFire    . . .     SeeInvis +   q - +3 war axe (venom)
rCold    + . .     Gourm    .   N - +2 buckler {rPois}
rNeg     + . .     Faith    .   J - +10 plate armour of the Ageless Beds {rPois rF- Int-4 SInv}
rPois    +         Spirit   .   y - +2 hat {SInv}
rElec    +         Reflect  +   n - +1 cloak of Starlight {rElec rC+ EV+4 Stlth--}
rCorr    .         Harm     .   U - +2 pair of gloves
MR       +++..     NoTele   +   v - +0 pair of boots {Stlth+}
Stlth    ..........             H - amulet "Jiufapai" {Reflect rF- rN+ Int-5 Dex+3 SH+3}
HPRegen  0.42/turn              o - ring of Keotego {rF+ MR++ Dex+2}
MPRegen  0.25/turn              R - ring of the Burgomaster {-Tele rF+ Str+2 Slay+2}

@: no status effects
A: walk on water
}: 2/15 runes: serpentine, barnacled
a: Smiting, Recall Orcish Followers, Give Item to Named Follower, Resurrection,
Renounce Religion


You were on level 2 of the Depths.
You worshipped Beogh.
Beogh was exalted by your worship.
You were hungry.

You visited 7 branches of the dungeon, and saw 37 of its levels.

You collected 3884 gold pieces.
You spent 2520 gold pieces at shops.

Inventory:

Hand Weapons
 b - a +9 battleaxe of freezing
   (You took it off an orc warrior on level 10 of the Dungeon)
 i - a +7 demon trident of venom
   (You took it off a merfolk impaler on level 1 of the Shoals)
 q - a +3 war axe of venom (weapon)
   (You took it off a vault warden on level 3 of the Vaults)
 G - the +7 glaive "Gioxeum" {vamp, *Corrode rF+ Int+6}
   (You found it on level 3 of the Lair of Beasts)

   It inflicts no extra harm, but heals its wielder when it wounds a living foe.
   It affects your intelligence (+6).
   It protects you from fire.
   It may corrode you when you take damage.
 T - a +2 vampiric glaive {!w}
   (You took it off a skeletal warrior on level 12 of the Dungeon)
Missiles
 f - 1005 stones (quivered)
 h - 24 javelins
 j - 19 poisoned needles
 M - 3 poisoned javelins
 Y - 10 silver javelins
Armour
 n - the +1 cloak of Starlight (worn) {rElec rC+ EV+4 Stlth--}
   (You found it on level 15 of the Dungeon)

   It affects your evasion (+4).
   It protects you from cold.
   It insulates you from electricity.
   It makes you much less stealthy.
 v - a +0 pair of boots of stealth (worn)
   (You bought it in a shop on level 7 of the Dungeon)
 y - a +2 hat of see invisible (worn)
   (You found it on level 1 of the Lair of Beasts)
 J - the +10 plate armour of the Ageless Beds (worn) {rPois rF- Int-4 SInv}
   (You took it off an orc warrior on level 10 of the Dungeon)

   It affects your intelligence (-4).
   It makes you vulnerable to fire.
   It protects you from poison.
   It lets you see invisible.
 N - a +2 buckler of poison resistance (worn)
   (You bought it in a shop on level 2 of the Orcish Mines)
 U - a +2 pair of gloves (worn)
   (You found it on level 2 of the Vaults)
 Z - a +1 large shield of protection
   (You found it on level 2 of the Vaults)
Jewellery
 o - the ring of Keotego (left hand) {rF+ MR++ Dex+2}
   (You found it on level 4 of the Shoals)

   [ring of dexterity]

   It affects your dexterity (+2).
   It protects you from fire.
   It affects your resistance to hostile enchantments.
 s - an uncursed amulet of faith {!P}
   (You found it on level 2 of the Lair of Beasts)
 z - an uncursed ring of see invisible
   (You found it on level 3 of the Snake Pit)
 H - the amulet "Jiufapai" (around neck) {Reflect rF- rN+ Int-5 Dex+3 SH+3}
   (You bought it in a shop on level 2 of the Snake Pit)

   [amulet of reflection]

   It shields you and reflects attacks.
   It affects your intelligence (-5).
   It affects your dexterity (+3).
   It makes you vulnerable to fire.
   It protects you from negative energy.
   It affects your SH (+3).
 R - the ring of the Burgomaster (right hand) {-Tele rF+ Str+2 Slay+2}
   (You found it on level 15 of the Dungeon)

   [ring of strength]

   It affects your strength (+2).
   It affects your accuracy and damage with ranged weapons and melee attacks
   (+2).
   It protects you from fire.
   It prevents most forms of teleportation.
 X - an uncursed ring of resist corrosion
   (You found it on level 6 of the Lair of Beasts)
Wands
 c - a wand of disintegration (8)
   (You found it on level 2 of the Vaults)
 d - a wand of iceblast (3)
   (You found it on level 2 of the Lair of Beasts)
 g - a wand of enslavement (24)
   (You found it on level 12 of the Dungeon)
 u - a wand of paralysis (9)
   (You found it on level 1 of the Lair of Beasts)
Scrolls
 l - 3 scrolls of enchant armour
 r - 4 scrolls of blinking
 t - 3 scrolls of immolation {!r}
 w - 8 scrolls of teleportation {@r4}
 x - 8 scrolls of magic mapping
 A - a scroll of enchant weapon
 B - a scroll of fear
 E - 10 scrolls of remove curse {@r2}
 I - 3 scrolls of vulnerability {!r}
 Q - 2 scrolls of identify {@r1}
Potions
 a - a potion of agility
 k - 3 potions of flight
 m - 3 potions of resistance
 p - a potion of might
 D - 2 potions of brilliance
 K - 6 potions of curing {@q1}
 L - 10 potions of ambrosia
 P - 2 potions of lignification {!q}
 W - a potion of invisibility
Miscellaneous
 F - a phial of floods (inert)
   (You found it on level 2 of the Depths)
Comestibles
 e - 15 rations {!d}


   Skills:
 + Level 19.8 Fighting
 - Level 20.0 Axes
 - Level 15.7 Armour
 - Level 2.4 Dodging
 - Level 1.5 Stealth
 * Level 16.5 Shields
 + Level 24.6 Invocations


You had 19 spell levels left.
You didn't know any spells.
Your spell library contained the following spells:

 Spells                   Type           Power        Failure   Level  Hunger
 Beastly Appendage        Tmut           #.....       99%         1    ##.....
 Confusing Touch          Hex            #.....       99%         1    ##.....
 Corona                   Hex            #......      99%         1    ##.....
 Flame Tongue             Conj/Fire      #....        99%         1    ##.....
 Freeze                   Ice            #...         99%         1    ##.....
 Magic Dart               Conj           #...         99%         1    ##.....
 Pain                     Necr           #...         99%         1    ##.....
 Shock                    Conj/Air       #...         99%         1    ##.....
 Sting                    Conj/Pois      #...         99%         1    ##.....
 Corpse Rot               Necr           N/A          100%        2    ###....
 Ensorcelled Hibernation  Hex/Ice        #.....       100%        2    ###....
 Passwall                 Tmut/Erth      #.......     100%        2    ###....
 Poisonous Vapours        Pois/Air       #.....       100%        2    ###....
 Searing Ray              Conj           #.....       100%        2    ###....
 Slow                     Hex            #.......     100%        2    ###....
 Sticks to Snakes         Tmut           #.......     100%        2    ###....
 Sublimation of Blood     Necr           #.........   100%        2    ###....
 Swiftness                Chrm/Air       #.......     100%        2    ###....
 Throw Flame              Conj/Fire      #.....       100%        2    ###....
 Throw Frost              Conj/Ice       #.....       100%        2    ###....
 Confuse                  Hex            #.......     100%        3    ####...
 Conjure Flame            Conj/Fire      #.......     100%        3    ####...
 Dazzling Spray           Conj/Hex       #.....       100%        3    ####...
 Gell's Gravitas          Tloc           #.........   100%        3    ####...
 Inner Flame              Hex/Fire       #.......     100%        3    ####...
 Mephitic Cloud           Conj/Pois/Air  #.......     100%        3    ####...
 Ozocubu's Armour         Chrm/Ice       #.......     100%        3    ####...
 Portal Projectile        Hex/Tloc       #.....       100%        3    ####...
 Regeneration             Chrm/Necr      #.........   100%        3    ####...
 Spider Form              Tmut/Pois      #.........   100%        3    ####...
 Static Discharge         Conj/Air       #.......     100%        3    ####...
 Tukima's Dance           Hex            #.......     100%        3    ####...
 Vampiric Draining        Necr           #.........   100%        3    ####...
 Airstrike                Air            #.........   100%        4    #####..
 Cause Fear               Hex            #.........   100%        4    #####..
 Force Lance              Conj/Tloc      #.......     100%        4    #####..
 Fulminant Prism          Conj/Hex       #.........   100%        4    #####..
 Ice Form                 Ice/Tmut       #.......     100%        4    #####..
 Iskenderun's Mystic Bla  Conj           #.......     100%        4    #####..
 Leda's Liquefaction      Hex/Erth       #.........   100%        4    #####..
 Olgreb's Toxic Radiance  Pois           #.......     100%        4    #####..
 Passage of Golubria      Tloc           N/A          100%        4    #####..
 Petrify                  Tmut/Erth      #.......     100%        4    #####..
 Sticky Flame             Conj/Fire      #.......     100%        4    #####..
 Summon Ice Beast         Ice/Summ       #.......     100%        4    #####..
 Throw Icicle             Conj/Ice       #.......     100%        4    #####..
 Agony                    Necr           #.......     100%        5    ######.
 Blade Hands              Tmut           #.........   100%        5    ######.
 Bolt of Draining         Conj/Necr      #.........   100%        5    ######.
 Dispel Undead            Necr           #.......     100%        5    ######.
 Excruciating Wounds      Chrm/Necr      #.........   100%        5    ######.
 Fireball                 Conj/Fire      #.........   100%        5    ######.
 Lee's Rapid Deconstruct  Erth           #.........   100%        5    ######.
 Lightning Bolt           Conj/Air       #.........   100%        5    ######.
 Metabolic Englaciation   Hex/Ice        #.........   100%        5    ######.
 Venom Bolt               Conj/Pois      #.........   100%        5    ######.
 Yara's Violent Unravell  Hex/Tmut       #.........   100%        5    ######.
 Darkness                 Hex            #.........   100%        6    #######
 Death Channel            Necr           #.........   100%        6    #######
 Invisibility             Hex            #.......     100%        6    #######
 Haunt                    Necr/Summ      #.........   100%        7    #######
 Borgnjor's Revivificati  Necr           #.........   100%        8    #######
 Death's Door             Chrm/Necr      #.........   100%        8    #######
 Infestation              Necr           #.........   100%        8    #######
 Necromutation            Tmut/Necr      #.........   100%        8    #######


Dungeon Overview and Level Annotations

Branches:
Dungeon (15/15)            Temple (0/1) D:5            Lair (6/6) D:10
 Shoals (4/4) Lair:2        Snake (4/4) Lair:2        Slime (0/5) Lair:6
    Orc (2/2) D:11            Elf (0/3) Orc:2        Vaults (4/5) D:13
  Crypt (0/3) Vaults:2     Depths (2/5) D:15

Altars:
Dithmenos
Fedhas
Hepliaklqana
Kikubaaqudgha
Trog
Vehumet
Wu Jian
Yredelemnul
Beogh

Shops:
D:7 ![(   D:14 [   Orc:2 ?*![   Shoals:4 *   Snake:1 :*   Snake:2 }==*
Vaults:3 }

Portals:
Hell: Depths:2

Annotations:
D:1 exclusion: downstairs
Lair:6 Urug


Message History

You hear a splash.
You slash the spriggan berserker!
You block the spriggan berserker's attack.
The spriggan berserker hits you with a quick blade.
* * * LOW HITPOINT WARNING * * *
The orc warlord roars a battlecry!
The orc warlord goes into a battle-frenzy!
The spriggan berserker rages.
You block the spriggan berserker's attack.
You hear an angry hiss.
You slash the spriggan berserker!
The spriggan berserker looks as sick as possible!
The spriggan berserker hits you but does no damage.
Unknown command.
You miss the spriggan berserker.
You block the spriggan berserker's attack.
Unknown command.
You hit the spriggan berserker.
The spriggan berserker hits you with a quick blade.
* * * LOW HITPOINT WARNING * * *
The spriggan berserker hits you with a quick blade!
* * * LOW HITPOINT WARNING * * *
The elephant rages.
All of the chunks of flesh in your inventory have rotted away.
You feel better.
You block the spriggan berserker's attack.
The spriggan berserker hits you with a quick blade!
* * * LOW HITPOINT WARNING * * *
You slash the spriggan berserker!
The orc warlord no longer looks unusually strong.
The spriggan berserker hits you with a quick blade!
* * * LOW HITPOINT WARNING * * *
You cannot blink because you are wearing the ring of the Burgomaster {-Tele rF+ Str+2 Slay+2}.
Unknown command.
Here: a spriggan berserker, wielding a quick blade (almost dead, berserk, fast, unusually strong, poisoned)
The floor, spattered with blood.
Okay, then.
Unknown command.
Aim: an orc warlord, wielding an enchanted broad axe and wearing a glowing plate armour (heavily wounded, unusually strong, poisoned, chance to defeat MR: 15%)
Okay, then.
Unknown command.
Unknown command.
Smite: a spriggan berserker, wielding a quick blade (almost dead, berserk, fast, unusually strong, poisoned)
You smite the spriggan berserker!
You kill the spriggan berserker!
Beogh accepts your kill.
Beogh appreciates your killing of a heretic priest.
The quicksilver dragon breathes dispelling energy at you.
The bolt of dispelling energy hits you!
You die...

#....#.###.#
#....#.....#
#....#####.##
##....#......#
o#....#....>.#
#######......#
######.......#
'()..'.......#######
######..........@)D#
# #.......#####o##
♣♣♣♣♣♣♣♣♣ #Yo#
###≈## #.≈o.# ##oz.#
#...# #...# #p.p#


You could see 2 orc warlords and a quicksilver dragon.

Vanquished Creatures
  Rupert (D:15)
  2 krakens
  Frances (Shoals:1)
  2 tengu reavers (Vaults:4)
  6 nagarajas
  Ilsuiw (Shoals:4)
  2 frost giants (Vaults:4)
  4 vault wardens
  A fire giant (Vaults:4)
  The ghost of Whiskey the Severer, a journeyman MiCK of Xom (D:15)
  Louise (Snake:1)
  7 ironheart preservers
  A spriggan defender (Depths:2)
  3 very ugly things (Vaults:4)
  A lorocyproca (Depths:2)
  A vampire knight (Depths:2)
  An entropy weaver (Vaults:4)
  7 stone giants
  A deep elf demonologist (Vaults:4)
  7 merfolk javelineers
  An ettin (Depths:2)
  Josephine (D:14)
  A deep elf death mage (Vaults:4)
  A fire dragon (Vaults:1)
  7 merfolk impalers
  2 yaktaur captains
  A rakshasa (Depths:2)
  6 naga warriors
  A hydra (Lair:1)
  5 vault guards (Vaults:3)
  2 ice dragons
  Harold (D:7)
  A spriggan air mage (Depths:2)
  3 merfolk avatars
  3 death knights
  4 centaur warriors
  16 anacondas
  2 catoblepae (Lair:6)
  The ghost of typeaskee the Blocker, a journeyman GrFi of Okawaru (D:10)
  3 merfolk aquamancers (Shoals:4)
  5 ogre magi
  A deep troll shaman (Lair:6)
  9 naga sharpshooters
  A satyr (Shoals:3)
  9 two-headed ogres
  A titan zombie (Depths:2)
  3 spriggan berserkers (Depths:2)
  3 death yaks (Lair:6)
  2 shock serpents (Snake:3)
  3 deep elf knights
  2 salamander mystics (Snake:4)
  9 sea snakes
  2 skeletal warriors
  4 shadow wraiths (Depths:2)
  An unseen horror (D:13)
  A deep troll (shapeshifter) (Vaults:4)
  5 naga ritualists
  An unseen horror (shapeshifter) (Vaults:3)
  2 deep trolls (Depths:2)
  A phantasmal warrior (Vaults:3)
  A deep elf archer (Vaults:2)
  2 flayed ghosts
  5 orc knights
  A sea snake (shapeshifter) (Vaults:4)
  5 deep elf magi
  A wizard (Vaults:1)
  12 ironbrand convokers
  3 necromancers (Depths:2)
  A human zombie (Vaults:3)
  5 mana vipers
  8 harpies
  An orc sorcerer (Orc:2)
  2 fauns
  10 ugly things
  9 salamanders
  7 manticores
  3 cyclopes
  A black mamba (shapeshifter) (Vaults:2)
  4 merfolk sirens
  9 guardian serpents
  A human skeleton (Vaults:3)
  A frost giant skeleton (Depths:2)
  5 vault sentinels
  A torpor snail (Lair:3)
  6 spiny frogs
  26 black mambas
  7 water nymphs
  10 naga magi
  7 elephants
  A kobold demonologist (Depths:2)
  The ghost of Gate88 the Poker, a novice DsGl (D:5)
  7 komodo dragons
  A yaktaur (shapeshifter) (D:13)
  A komodo dragon (shapeshifter) (Depths:2)
  7 freezing wraiths
  25 yaktaurs
  3 trolls
  12 merfolk
  A tengu simulacrum (Depths:2)
  A meliai (D:12)
  A meliai (shapeshifter) (Vaults:4)
  A wind drake (shapeshifter) (Vaults:4)
  2 wind drakes
  3 hornets
  4 polar bears
  Prince Ribbit (D:5)
  A blink frog (shapeshifter) (Depths:2)
  11 hippogriffs
  A polar bear (shapeshifter) (D:15)
  4 dream sheep
  5 slime creatures
  A blink frog (Lair:6)
  5 snapping turtles
  2 redbacks (Vaults:4)
  6 water elementals
  3 wraiths
  7 yaks
  6 wyverns
  A human simulacrum (Vaults:3)
  A basilisk (D:14)
  Grum (D:8)
  A steam dragon (D:12)
  2 wargs
  29 nagas
  An acid dragon (D:11)
  6 water moccasins
  3 porcupines
  4 sky beasts
  2 phantoms
  14 orc warriors
  An ice beast (D:12)
  14 ogres
  A necrophage (D:6)
  2 black bears
  An eye of draining (D:9)
  An ettin simulacrum (Vaults:3)
  27 wolves
  The ghost of snha the Grasshopper, an amateur BaWr of Dithmenos (D:3)
  5 crocodiles
  21 centaurs
  2 big kobolds
  12 bullfrogs
  A wyvern skeleton (D:12)
  2 scorpions
  8 wights
  A killer bee (D:12)
  A howler monkey (D:7)
  6 electric eels
  4 crimson imps
  A bullfrog zombie (D:9)
  3 centaur zombies
  12 jellies
  2 quasits
  2 orc priests
  4 centaur skeletons
  6 hounds
  2 bullfrog skeletons
  12 orc wizards
  An iguana (D:3)
  9 worker ants
  A hound skeleton (D:10)
  Robin (D:4)
  A worker ant zombie (D:8)
  9 adders
  2 river rats
  4 shadow imps
  4 oozes
  2 adder skeletons (D:5)
  An adder zombie (D:8)
  4 worms
  A dart slug (D:1)
  9 leopard geckos
  15 orcs
  3 ball pythons
  6 giant cockroaches
  15 goblins
  12 hobgoblins
  6 jackals
  4 quokkas
  6 bats
  5 frilled lizards
  2 gnoll zombies (D:6)
  19 kobolds
  A leopard gecko skeleton (D:8)
  A leopard gecko zombie (D:5)
  2 quokka skeletons (D:5)
  9 rats
  6 bushes
  6 fungi
  21 plants
  3 tentacles (Shoals:1)
867 creatures vanquished.

Vanquished Creatures (collateral kills)
  An ancient lich (Depths:2)
  2 sphinxes
  Agnes (D:15)
  6 nagarajas
  3 shadow dragons (Depths:2)
  2 vault wardens
  An orc warlord (Orc:2)
  An emperor scorpion (D:15)
  A juggernaut skeleton (Depths:2)
  3 ironheart preservers
  A very ugly thing (Vaults:4)
  8 stone giants
  An entropy weaver (Vaults:4)
  2 lorocyprocas (Depths:2)
  A deep elf annihilator (Vaults:2)
  A dire elephant (D:15)
  3 ettins
  A merfolk javelineer (Shoals:4)
  2 ogre magi
  4 merfolk impalers (Shoals:4)
  4 yaktaur captains
  3 fire dragons
  A great orb of eyes (Vaults:4)
  A rakshasa (Depths:2)
  4 ice dragons
  4 vault guards
  7 anacondas
  15 naga warriors
  2 merfolk aquamancers (Shoals:3)
  12 two-headed ogres
  4 centaur warriors
  A catoblepas (D:14)
  A deep troll earth mage (Depths:2)
  A death knight (Vaults:3)
  7 naga sharpshooters
  4 shock serpents
  A tengu warrior (D:12)
  2 deep elf knights
  An orc high priest (Orc:1)
  A soul eater (Depths:2)
  A shadow wraith (Depths:2)
  3 skeletal warriors
  A storm dragon skeleton (Vaults:2)
  A deep troll (Depths:2)
  A wizard (Vaults:2)
  2 naga ritualists
  2 sea snakes
  6 harpies
  2 deep elf archers
  5 ironbrand convokers
  7 ugly things
  2 necromancers
  A lindwurm (Lair:6)
  4 orc knights
  3 deep elf magi
  5 oklob plants
  An orc sorcerer (Vaults:4)
  A fire giant zombie (Depths:2)
  4 mana vipers
  4 cyclopes
  A cyclops (shapeshifter) (Vaults:4)
  10 manticores
  4 fauns (Shoals:3)
  5 salamanders
  A human zombie (Vaults:2)
  2 centaur zombies
  3 elephants
  19 black mambas
  A frost giant zombie (Vaults:2)
  4 vault sentinels
  A water nymph (Shoals:4)
  6 merfolk sirens
  10 naga magi
  4 spiny frogs
  2 gargoyles (D:13)
  4 guardian serpents (Snake:4)
  2 centaur skeletons
  14 yaktaurs
  An efreet (D:12)
  4 komodo dragons
  3 freezing wraiths
  A jumping spider (shapeshifter) (Vaults:1)
  A polar bear (shapeshifter) (Vaults:1)
  2 polar bears (Lair:6)
  13 merfolk
  2 wind drakes
  3 trolls
  A wind drake (shapeshifter) (Vaults:4)
  3 hippogriffs
  11 slime creatures
  2 dream sheep (Lair:3)
  2 blink frogs (Lair:6)
  5 snapping turtles
  A spriggan (Depths:2)
  A spriggan (shapeshifter) (Vaults:3)
  A spriggan skeleton (Depths:2)
  A hippogriff (shapeshifter) (Vaults:2)
  A tarantella (shapeshifter) (D:13)
  A vampire (D:12)
  3 water elementals
  3 wraiths (D:14)
  2 wyverns
  2 yaks (shapeshifter)
  A shadow (D:14)
  2 basilisks
  12 yaks
  A human (D:9)
  A yaktaur simulacrum (Vaults:2)
  A hungry ghost (D:11)
  A warg (D:10)
  32 nagas
  3 acid dragons
  3 porcupines
  A water moccasin (Lair:2)
  11 orc warriors
  2 hornet zombies (D:13)
  A sky beast (D:9)
  An eye of draining (Snake:4)
  5 ogres
  25 wolves
  11 centaurs
  A necrophage (D:12)
  4 crocodiles
  4 bullfrogs
  A human skeleton (Vaults:2)
  A scorpion (D:6)
  2 electric eels (Lair:2)
  4 wights
  A lava snake (D:7)
  3 crimson imps
  A human simulacrum (Vaults:3)
  5 jellies (Lair:6)
  A hound (D:10)
  2 orc priests
  8 orc wizards
  2 worker ants
  A howler monkey skeleton (D:11)
  An adder (D:12)
  A shadow imp (D:8)
  15 orcs
  A ball python (D:7)
  A giant cockroach (D:6)
  4 bushes
  2 fungi
  15 plants
  2 tentacles
  A withered plant (D:15)
538 creatures vanquished.

Vanquished Creatures (others)
  6 orc warlords
  Urug (Lair:6)
  An anaconda (Snake:4)
  A catoblepas (Snake:4)
  A deep elf knight (Vaults:2)
  11 orc knights
  2 orc sorcerers
  2 yaktaurs
  15 orc wizards
  A merfolk (Shoals:1)
  27 orc warriors
  A centaur simulacrum (D:12)
  A naga (Snake:4)
  A sky beast (D:12)
  7 orc priests
  61 orcs
  A leopard gecko skeleton (D:4)
  5 fungi (Lair:6)
  19 plants
  8 tentacles
172 creatures vanquished.

Grand Total: 1577 creatures vanquished

Notes
Turn   | Place    | Note
-------+----------+-------------------------------------------
     0 | D:1      | WSLaFleur the Hill Orc Monk began the quest for the Orb.
     0 | D:1      | Reached XP level 1. HP: 19/19 MP: 1/1
   324 | D:1      | Reached XP level 2. HP: 18/27 MP: 2/2
   790 | D:1      | Reached skill level 5 in Axes
   843 | D:1      | Reached XP level 3. HP: 28/33 MP: 3/3
  1741 | D:2      | Found a radiant altar of Vehumet.
  1960 | D:2      | Reached XP level 4. HP: 17/41 MP: 4/4
  1972 | D:2      | Reached skill level 1 in Armour
  2299 | D:3      | Reached XP level 5. HP: 47/47 MP: 5/5
  2984 | D:3      | Found a large runed door.
  2984 | D:3      | Found a large runed door.
  2984 | D:3      | Noticed snha's ghost (amateur BaWr)
  3953 | D:3      | Killed snha's ghost
  3953 | D:3      | Reached skill level 5 in Fighting
  3953 | D:3      | Reached XP level 6. HP: 42/56 MP: 6/6
  4232 | D:4      | Noticed Robin
  4252 | D:4      | Killed Robin
  4455 | D:4      | Found a shadowy altar of Dithmenos.
  4457 | D:4      | Found an ornate altar of the Wu Jian Council.
  4458 | D:4      | Noticed a sky beast
  4460 | D:4      | Became a worshipper of Beogh the Brigand
  4460 | D:4      | Reached * piety under Beogh
  4460 | D:4      | Reached ** piety under Beogh
  4509 | D:3      | Killed a sky beast
  4509 | D:3      | Reached XP level 7. HP: 16/61 MP: 7/7
  5365 | D:4      | Reached skill level 1 in Invocations
  5702 | D:5      | Entered Level 5 of the Dungeon
  5796 | D:5      | Noticed a wyvern
  5807 | D:5      | Killed a wyvern
  5807 | D:5      | Reached skill level 2 in Invocations
  5986 | D:5      | Noticed a wyvern
  6037 | D:5      | Killed a wyvern
  6037 | D:5      | Reached XP level 8. HP: 50/70 MP: 9/9
  6128 | D:5      | Found a bloodstained altar of Trog.
  6310 | D:5      | Reached skill level 3 in Invocations
  6431 | D:5      | Found a staircase to the Ecumenical Temple.
  6540 | D:5      | Found a runed gate.
  6541 | D:5      | Found a runed gate.
  6542 | D:5      | Found a runed gate.
  6544 | D:5      | Noticed Gate88's ghost (novice DsGl)
  6945 | D:5      | Killed Gate88's ghost
  6945 | D:5      | Reached skill level 10 in Axes
  7225 | D:6      | Noticed Prince Ribbit
  7246 | D:5      | Killed Prince Ribbit
  7246 | D:5      | Reached skill level 4 in Invocations
  7417 | D:5      | Reached skill level 5 in Armour
  7438 | D:5      | Reached XP level 9. HP: 48/79 MP: 9/12
  7910 | D:6      | Found a basalt altar of Yredelemnul.
  7954 | D:6      | Reached *** piety under Beogh
  7954 | D:6      | Reached skill level 5 in Invocations
  8710 | D:7      | Found Uwyhu's Antique Armour Shop.
  8813 | D:7      | Found Ockithrugiwk's Weapon Emporium.
  8890 | D:7      | Reached skill level 6 in Invocations
  8954 | D:7      | Found Gaeh's Distillery.
  8963 | D:7      | Bought a potion of might for 60 gold pieces
  8963 | D:7      | Bought a potion of heal wounds for 75 gold pieces
  9702 | D:8      | Noticed Harold
  9719 | D:8      | Noticed a hornet
  9728 | D:7      | Killed Harold
  9728 | D:7      | Reached XP level 10. HP: 54/90 MP: 9/15
  9980 | D:8      | Reached skill level 7 in Invocations
  9993 | D:7      | Paralysed by a hornet for 2 turns
  9997 | D:7      | Paralysed by a hornet for 2 turns
 10007 | D:7      | Paralysed by a hornet for 2 turns
 10015 | D:7      | Paralysed by a hornet for 1 turns
 10621 | D:8      | Found a hazy altar of Hepliaklqana.
 10723 | D:8      | Noticed Grum
 10746 | D:8      | Killed Grum
 11650 | D:10     | Entered Level 10 of the Dungeon
 11960 | D:9      | Reached **** piety under Beogh
 13072 | D:10     | Reached skill level 8 in Invocations
 13200 | D:10     | Found a runed gate.
 13443 | D:10     | Found a staircase to the Lair.
 13458 | D:10     | Reached skill level 10 in Fighting
 13642 | D:10     | Found a runed gate.
 13642 | D:10     | Noticed typeaskee's ghost (journeyman GrFi)
 13645 | D:10     | Found a runed gate.
 13646 | D:10     | Found a roughly hewn altar of Beogh.
 13649 | D:10     | Reached XP level 11. HP: 99/99 MP: 17/17
 13662 | D:10     | Killed typeaskee's ghost
 13681 | D:10     | Got a pitted plate armour
 13703 | D:10     | Identified the +10 plate armour of the Ageless Beds {rPois rF- Int-4 SInv} (You took it off an orc warrior on level 10 of the Dungeon)
 14175 | D:11     | Noticed a manticore
 14294 | D:11     | Killed a manticore
 14294 | D:11     | Gained Alork as an ally
 14318 | D:11     | Found a staircase to the Orcish Mines.
 14384 | D:11     | Reached skill level 9 in Invocations
 15008 | Lair:1   | Entered Level 1 of the Lair of Beasts
 15027 | Lair:1   | Your ally Alork died
 15882 | Lair:1   | Reached skill level 10 in Invocations
 16175 | Lair:1   | Noticed a six-headed hydra
 16188 | Lair:1   | Killed a six-headed hydra
 16188 | Lair:1   | Reached skill level 15 in Axes
 16335 | Lair:1   | Found the +8 whip "Snakebite" {curare, rPois}
 16982 | Lair:2   | Reached XP level 12. HP: 68/110 MP: 12/20
 17169 | Lair:2   | Gained Gorm as an ally
 17303 | Lair:2   | Found a staircase to the Shoals.
 17535 | Lair:2   | Reached skill level 11 in Invocations
 17587 | Lair:2   | Found a staircase to the Snake Pit.
 18348 | Lair:3   | Got a faintly glowing mace
 18387 | Lair:3   | Identified the cursed +3 mace "Luononoo" {crush, *Corrode Int+4 Dex+3} (You found it on level 3 of the Lair of Beasts)
 18885 | Lair:3   | Got a warped glaive
 19227 | Lair:4   | Reached ***** piety under Beogh
 19227 | Lair:4   | Reached skill level 12 in Invocations
 19562 | Lair:4   | Found a frozen archway.
 19563 | Lair:4   | Noticed an ice dragon
 20711 | Lair:4   | Killed an ice dragon
 21586 | Lair:5   | Reached skill level 10 in Armour
 21680 | Lair:5   | Got a shimmering amber ring
 21686 | Lair:5   | Noticed Urug
 21857 | Lair:5   | Reached skill level 13 in Invocations
 22267 | Lair:6   | Entered Level 6 of the Lair of Beasts
 22303 | Lair:6   | Reached XP level 13. HP: 89/118 MP: 22/22
 22315 | Lair:6   | Identified the ring "Assuson" {MP+9 Dex+4 Stlth+} (You found it on level 5 of the Lair of Beasts)
 22398 | Lair:6   | Found a staircase to the Slime Pits.
 22398 | Lair:6   | Your ally died
 22825 | Lair:6   | Reached skill level 14 in Invocations
 23116 | Lair:6   | Reached ****** piety under Beogh
 23335 | Lair:6   | Reached skill level 15 in Invocations
 24945 | D:12     | Reached XP level 14. HP: 101/129 MP: 25/25
 24951 | D:12     | Reached skill level 16 in Invocations
 25195 | D:12     | Got an ichor-stained flail {protect}
 26025 | D:13     | Found a gate to the Vaults.
 26219 | D:13     | Found a bloodstained altar of Trog.
 26591 | D:14     | Noticed Josephine
 26614 | D:14     | Killed Josephine
 26874 | D:14     | Found Tym Xae's Armour Boutique.
 26883 | D:14     | Bought a +2 pair of gloves for 231 gold pieces
 26973 | D:14     | Reached skill level 17 in Invocations
 27239 | D:14     | Found a blossoming altar of Fedhas.
 27542 | D:15     | Entered Level 15 of the Dungeon
 28113 | D:15     | Found a basalt altar of Yredelemnul.
 28159 | D:15     | Noticed a dire elephant
 28164 | D:15     | Killed a dire elephant
 28165 | D:15     | Noticed an emperor scorpion
 28176 | D:15     | Killed an emperor scorpion
 28249 | D:15     | Found a staircase to the Depths.
 28404 | D:15     | Found a runed gate.
 28405 | D:15     | Found a runed gate.
 28405 | D:15     | Noticed Whiskey's ghost (journeyman MiCK)
 28406 | D:15     | Found a runed gate.
 28411 | D:15     | Found the +1 cloak of Starlight {rElec rC+ EV+4 Stlth--}
 28416 | D:15     | Found a roughly hewn altar of Beogh.
 28427 | D:15     | Killed Whiskey's ghost
 28449 | D:15     | Your ally Gorm died
 28499 | D:15     | Got a steaming lead ring
 28523 | D:15     | Got a polished battleaxe {chop}
 28524 | D:15     | Identified the cursed +3 battleaxe of Uxkes {chop, +Rage Dex+2} (You took it off an orc knight on level 15 of the Dungeon)
 28554 | D:15     | Identified the ring of the Burgomaster {-Tele rF+ Str+2 Slay+2} (You found it on level 15 of the Dungeon)
 29089 | D:15     | Noticed Agnes
 29102 | D:15     | Killed Agnes
 29219 | D:15     | Noticed Rupert
 29258 | D:15     | Paralysed by Rupert for 7 turns
 29267 | D:15     | Paralysed by Rupert for 6 turns
 29286 | D:15     | Killed Rupert
 29919 | Orc:1    | Entered Level 1 of the Orcish Mines
 30347 | Orc:2    | Entered Level 2 of the Orcish Mines
 30370 | Orc:2    | Reached XP level 15. HP: 139/139 MP: 27/27
 30371 | Orc:2    | Noticed an orc warlord
 30375 | Orc:2    | Found a roughly hewn altar of Beogh.
 30390 | Orc:2    | Killed an orc warlord
 30390 | Orc:2    | Reached skill level 18 in Invocations
 30748 | Orc:2    | Found a roughly hewn altar of Beogh.
 31071 | Orc:2    | Found Evi Afrum's General Store.
 31071 | Orc:2    | Found Ecympol's Distillery.
 31157 | Orc:2    | Found Feanu's Magic Scroll Emporium.
 31159 | Orc:2    | Found Moank's Armour Shop.
 31170 | Orc:2    | Bought a scroll of enchant armour for 120 gold pieces
 31174 | Orc:2    | Bought a scroll of brand weapon for 300 gold pieces
 31180 | Orc:2    | Bought a potion of cancellation for 112 gold pieces
 31180 | Orc:2    | Bought a potion of agility for 56 gold pieces
 31180 | Orc:2    | Bought a potion of haste for 140 gold pieces
 31653 | Orc:2    | Found a staircase to the Elven Halls.
 31659 | Orc:2    | Gained Orkwin as an ally
 32145 | Snake:1  | Entered Level 1 of the Snake Pit
 32151 | Snake:1  | Noticed Louise
 32165 | Snake:1  | Killed Louise
 32174 | Snake:1  | Your ally Orkwin died
 32182 | Snake:1  | HP: 3/139 [naga sharpshooter/bolt (11)]
 32663 | Snake:1  | Reached skill level 15 in Fighting
 33261 | Snake:1  | Found Ezuhifogac's General Store.
 33261 | Snake:1  | Found Effiv's Book Emporium.
 33777 | Snake:2  | Found Luemif's General Store.
 34084 | Snake:2  | Gained Marbaugh as an ally
 34122 | Snake:2  | Got a fine bronze ring
 34136 | Snake:2  | Reached skill level 19 in Invocations
 34536 | Snake:2  | Gained Milork as an ally
 35015 | Snake:2  | Found Jeaguska's Gadget Shop.
 35015 | Snake:2  | Found Camerauwi's Jewellery Emporium.
 35016 | Snake:2  | Found Jukhlokh's Jewellery Emporium.
 35031 | Snake:2  | Identified the ring of Rional {Ice Int+3} (You took it off a salamander on level 2 of the Snake Pit)
 35175 | Snake:3  | Gained Berold as an ally
 35176 | Snake:3  | Gained Dorog as an ally
 35825 | Snake:3  | Reached XP level 16. HP: 133/149 MP: 29/29
 36422 | Snake:3  | Noticed a nagaraja
 36431 | Snake:3  | Killed a nagaraja
 37113 | Snake:3  | Noticed a nagaraja
 37114 | Snake:3  | Gained Herok as an ally
 37118 | Snake:3  | Killed a nagaraja
 37263 | Snake:3  | Identified the cursed +2 flail of Valuable Assets {protect, rElec rF+ rN++ Int-3} (You found it on level 12 of the Dungeon)
 37278 | Snake:3  | Noticed a nagaraja
 37286 | Snake:3  | Killed a nagaraja
 37286 | Snake:3  | Reached skill level 20 in Invocations
 38175 | Snake:4  | Entered Level 4 of the Snake Pit
 39009 | Snake:4  | Noticed a nagaraja
 39015 | Snake:4  | Killed a nagaraja
 39188 | Snake:4  | Noticed a nagaraja
 39196 | Snake:4  | Killed a nagaraja
 39661 | Snake:4  | Your ally Berold died
 39663 | Snake:4  | Noticed a nagaraja
 39663 | Snake:4  | Noticed a nagaraja
 39663 | Snake:4  | Your ally Dorog died
 39664 | Snake:4  | Noticed a nagaraja
 39671 | Snake:4  | Killed a nagaraja
 39684 | Snake:4  | Noticed a nagaraja
 39696 | Snake:4  | Killed a nagaraja
 39701 | Snake:4  | Killed a nagaraja
 39701 | Snake:4  | Reached XP level 17. HP: 88/159 MP: 31/31
 39703 | Snake:4  | Reached skill level 21 in Invocations
 39749 | Snake:4  | Your ally Marbaugh died
 40204 | Snake:4  | Got a serpentine rune of Zot
 41910 | D:7      | Bought a pair of glowing boots for 135 gold pieces
 41910 | D:7      | Bought a slimy plate armour for 504 gold pieces
 42051 | Shoals:1 | Entered Level 1 of the Shoals
 42153 | Shoals:1 | Identified the cursed +0 plate armour of the Tundras {rElec Dex+3} (You bought it in a shop on level 7 of the Dungeon)
 42253 | Shoals:1 | Noticed a kraken
 42263 | Shoals:1 | Killed a kraken
 42263 | Shoals:1 | Reached skill level 15 in Armour
 42393 | Shoals:1 | Noticed Frances
 42407 | Shoals:1 | Killed Frances
 43765 | Shoals:2 | Got a jewelled battleaxe
 43766 | Shoals:2 | Identified the +6 battleaxe of Discord {drain, rPois rF+ Str+3} (You found it on level 2 of the Shoals)
 43839 | Shoals:2 | Reached skill level 22 in Invocations
 44353 | Shoals:2 | Noticed a kraken
 44362 | Shoals:2 | Killed a kraken
 44852 | Shoals:3 | Paralysed by Herok for 5 turns
 44877 | Shoals:3 | Reached XP level 18. HP: 89/170 MP: 33/33
 45811 | Shoals:4 | Entered Level 4 of the Shoals
 46512 | Shoals:4 | Found Racaitto's Assorted Antiques.
 46639 | Shoals:4 | Bought a pitted cloak for 275 gold pieces
 46649 | Shoals:4 | Identified the +1 cloak "Wechiann" {rC+} (You bought it in a shop on level 4 of the Shoals)
 47048 | Shoals:4 | Your ally Herok died
 47580 | Shoals:4 | Noticed Ilsuiw
 47600 | Shoals:4 | Killed Ilsuiw
 48039 | Shoals:4 | Got a shimmering bone ring
 48043 | Shoals:4 | Identified the ring of Keotego {rF+ MR++ Dex+2} (You found it on level 4 of the Shoals)
 48121 | Shoals:4 | Got a barnacled rune of Zot
 48341 | Vaults:1 | Entered Level 1 of the Vaults
 48574 | Vaults:1 | Identified a scroll of acquirement
 49257 | Snake:2  | Bought the amulet "Jiufapai" {Reflect rF- rN+ Int-5 Dex+3 SH+3} for 235 gold pieces
 49455 | Orc:2    | Bought a +2 buckler of poison resistance for 277 gold pieces
 49834 | Vaults:1 | Reached skill level 1 in Shields
 50461 | Vaults:2 | Reached skill level 23 in Invocations
 50508 | Vaults:2 | Reached skill level 5 in Shields
 51656 | Vaults:2 | Found a staircase to the Crypt.
 51656 | Vaults:2 | Found a basalt altar of Yredelemnul.
 51657 | Vaults:2 | Found an ancient bone altar of Kikubaaqudgha.
 52209 | Vaults:2 | Identified the +7 glaive "Gioxeum" {vamp, *Corrode rF+ Int+6} (You found it on level 3 of the Lair of Beasts)
 52297 | Vaults:2 | Reached XP level 19. HP: 161/179 MP: 34/34
 53179 | Vaults:3 | Reached skill level 10 in Shields
 53206 | Vaults:3 | Found Idghi's Gadget Emporium.
 54007 | Vaults:4 | Noticed a Tzitzimitl
 54017 | Vaults:4 | Your ally Milork died
 54018 | Vaults:4 | Gained Bogfrid as an ally
 55155 | Vaults:4 | Your ally Herok died
 56370 | Vaults:4 | Reached XP level 20. HP: 188/191 MP: 35/35
 56657 | Vaults:4 | Reached skill level 24 in Invocations
 56684 | Vaults:4 | Your ally Bogfrid died
 56697 | Vaults:4 | Gained Bogdan as an ally
 56697 | Vaults:4 | Reached skill level 15 in Shields
 58690 | Depths:1 | Entered Level 1 of the Depths
 58940 | Depths:1 | You fall through a shaft!
 59062 | Depths:2 | Noticed an ancient lich
 59076 | Depths:2 | Killed an ancient lich
 59096 | Depths:2 | Your ally Bogdan died
 59228 | Depths:2 | Gained Orbeogh as an ally
 59722 | Depths:2 | Found a gateway to Hell.
 60079 | Depths:2 | Your ally Orbeogh died
 60113 | Depths:2 | Identified the Tome of Unholy Magic
 60185 | Depths:2 | HP: 7/193 [spriggan berserker/quick blade (17)]
 60186 | Depths:2 | Killed from afar by a quicksilver dragon

Skill      XL: |  1  2  3  4  5  6  7  8  9 10 11 12 13 14 15 16 17 18 19 20 |
---------------+-------------------------------------------------------------+-----
Fighting       | 4 5 6 7 8 10 11 12 13 14 15 16 17 18 19 | 19.8
Axes           | 5 6 7 9 10 12 13 15 16 17 18 19 20 | 20.0
Armour         | 1 2 3 5 6 7 8 10 11 12 13 14 15 | 15.7
Invocations    | 2 4 6 8 10 13 15 17 19 20 22 23 24 | 24.6
Shields        | 8 14 16 | 16.5
Dodging        | |  2.4
Stealth        | |  1.5

Action                   |  1- 3 |  4- 6 |  7- 9 | 10-12 | 13-15 | 16-18 | 19-21 || total
-------------------------+-------+-------+-------+-------+-------+-------+-------++-------
Melee: Hand axe          |   162 |   106 |       |   164 |       |       |       ||   432
       Spear             |       |   133 |   449 |   209 |       |       |       ||   791
       Battleaxe         |       |       |       |   301 |   652 |   615 |       ||  1568
       Mace              |       |       |       |    10 |       |       |       ||    10
       War axe           |       |       |       |       |       |   216 |   886 ||  1102
Throw: Stone             |     3 |    15 |    34 |     7 |     2 |     1 |       ||    62
       Throwing net      |       |     1 |       |       |       |       |       ||     1
Invok: Convert to Beogh  |       |     1 |       |       |       |       |       ||     1
       Recall Orcish Fol |       |       |       |     7 |    23 |    30 |    20 ||    80
       Smiting           |       |       |       |     5 |     9 |    17 |     1 ||    32
       Give Item to Name |       |       |       |     1 |     3 |     2 |     3 ||     9
       Resurrection      |       |       |       |       |       |     1 |     1 ||     2
Evoke: Wand              |       |       |       |     8 |    14 |     5 |     6 ||    33
       Phantom mirror    |       |       |       |       |     1 |       |       ||     1
       Phial of floods   |       |       |       |       |       |       |     2 ||     2
  Use: Scroll            |       |     2 |     3 |    20 |    23 |    15 |     6 ||    69
       Potion            |       |       |     1 |    10 |    13 |     6 |    11 ||    41
 Stab: Sleeping          |     3 |       |       |       |       |       |       ||     3
       Distracted        |       |       |     3 |     6 |    12 |    10 |    15 ||    46
       Paralysed         |       |       |       |     6 |       |       |       ||     6
       Petrified         |       |       |       |       |     9 |       |       ||     9
       Petrifying        |       |       |       |       |     3 |     2 |       ||     5
  Eat: Chunk             |     3 |     5 |     7 |    14 |    17 |     6 |    10 ||    62
       Ration            |       |     1 |     3 |     9 |     8 |    13 |     4 ||    38
Armor: Robe              |     8 |       |       |       |       |       |       ||     8
       Ring mail         |    51 |       |       |       |       |       |       ||    51
       Chain mail        |    10 |    75 |   134 |       |       |       |       ||   219
       Skin              |       |       |     3 |       |       |       |       ||     3
       Plate armour      |       |       |    84 |   442 |   617 |   563 |   398 ||  2104
Dodge: Dodged            |    83 |    44 |   130 |   175 |   335 |   460 |   271 ||  1498
Block: Buckler           |       |       |       |       |       |    74 |   416 ||   490
       Reflection        |       |       |       |       |       |     9 |    37 ||    46
